Ducks vs Bruins

Created - 20 décembre 2017 at 16:39

Goals
1 2 3 T
Ducks 1 0 0 1
Bruins 3 0 0 3
Shots
1 2 3 T
Ducks 10 8 8 26
Bruins 15 8 16 39

1st period

1. Bruins , Sean Monahan 21 (Alex Killorn 9) at 9:21
2. Bruins , Kyle Okposo 11 (Marc Staal 7, Brian Campbell 1) at 10:02
3. Bruins , Derick Brassard 15 (Kyle Okposo 28, Jason Demers 10) at 19:08 (PP)
4. Ducks , Jean-Gabriel Pageau 7 (Nick Leddy 12) at 19:43

Penalties :
Milan Lucic (ANA) for Roughing (Minor) at 18:55

2nd period

No Goal

Penalties :
Matt Stajan (BOS) for Hooking (Minor) at 1:11, Deryk Engelland (ANA) for Interference (Minor) at 6:24, Jakob Chychrun (BOS) for Slashing (Minor) at 9:28

3rd period

No Goal

Penalties :
Cody McLeod (ANA) for High sticking (Minor) at 1:11, Tom Kuhnhackl (BOS) for Hooking (Minor) at 12:50

Goalie Stats

Cam Ward (ANA), 36 saves from 39 shots - (0,923), L, 15-6-2, 60:00 minutes
Cam Talbot (BOS), 25 saves from 26 shots - (0,962), W, 20-6-2, 60:00 minutes

Players Stats for Ducks

Player Name              G  A  P  +/- PIM S  H  SB GA TA FO     MP     PP MP  PK MP  
------------------------------------------------------------------------------------
Cody McLeod              0  0  0   0  2   0  2  0  0  0  0/0     8:20   0:00   0:28 
Connor Carrick           0  0  0  -1  0   0  0  2  0  0  0/0    12:05   0:00   0:00 
Craig Smith              0  0  0   0  0   4  0  1  0  0  1/1    11:45   0:24   0:25 
David Krejci             0  0  0   0  0   1  3  0  0  0  6/11   17:16   3:37   0:11 
Deryk Engelland          0  0  0   0  2   1  3  0  0  0  0/0    17:10   2:43   0:00 
Jack Johnson             0  0  0   0  0   1  1  2  1  1  0/0    20:45   0:00   2:44 
Jean-Gabriel Pageau      1  0  1   0  0   2  0  0  0  0  0/1    17:21   2:55   1:02 
Jonathan Ericsson        0  0  0  -1  0   0  1  0  0  0  0/0    17:40   1:44   2:44 
Jordan Staal             0  0  0  -1  0   1  2  1  0  0  18/29  17:52   0:00   0:00 
Milan Lucic              0  0  0  -1  2   4  0  0  0  1  1/2    20:59   3:02   0:00 
Nick Leddy               0  1  1   0  0   1  0  0  0  2  0/0    24:57   4:13   1:27 
Patrik Laine             0  0  0  -1  0   2  2  2  1  0  0/2    21:00   3:02   0:00 
Phillip Danault          0  0  0   0  0   3  2  1  0  1  4/4    17:45   1:56   2:08 
Rasmus Ristolainen       0  0  0   0  0   2  1  3  0  1  0/0    27:22   3:14   1:27 
Riley Nash               0  0  0   0  0   0  1  0  0  1  1/1     7:34   0:00   0:00 
Tom Wilson               0  0  0   0  0   2  3  0  0  0  0/0    15:30   2:55   2:13 
Tommy Wingels            0  0  0   0  0   0  1  0  0  0  0/0     8:36   0:00   1:02 
Trevor Lewis             0  0  0   0  0   2  2  0  0  0  3/8    11:49   0:00   0:53 

Players Stats for Bruins

Player Name              G  A  P  +/- PIM S  H  SB GA TA FO     MP     PP MP  PK MP  
------------------------------------------------------------------------------------
Alex Killorn             0  1  1   1  0   0  1  0  1  0  0/0    15:15   1:53   0:00 
Alexander Burmistrov     0  0  0   0  0   2  0  0  0  0  1/2     8:06   0:06   0:00 
Anthony Mantha           0  0  0  -1  0   3  2  0  0  0  1/2    13:06   0:06   1:16 
Brian Campbell           0  1  1  -1  0   0  2  0  1  1  0/0    30:02   2:26   2:46 
Derick Brassard          1  0  1   1  0   5  2  0  0  0  0/2    20:51   2:12   2:08 
Jakob Chychrun           0  0  0   0  2   0  0  0  0  0  0/0    10:51   0:00   0:00 
Jason Demers             0  1  1  -1  0   1  1  1  0  0  0/0    26:28   2:26   2:46 
Jason Pominville         0  0  0   1  0   1  1  1  1  0  0/1    15:34   1:53   0:00 
Joel Edmundson           0  0  0   2  0   1  1  0  0  0  0/0    23:02   1:45   3:11 
Kyle Okposo              1  1  2   1  0   11 5  1  2  0  0/2    22:24   2:12   3:23 
Marc Staal               0  1  1   2  0   0  0  0  0  0  0/0    23:02   1:45   3:11 
Matt Stajan              0  0  0  -1  2   1  0  1  0  0  4/6    10:59   0:00   0:00 
Nikolay Kulemin          0  0  0  -1  0   1  0  0  0  0  0/0    11:27   0:06   0:00 
Nolan Patrick            0  0  0   1  0   4  2  0  0  1  11/31  22:44   2:12   3:21 
Sean Monahan             1  0  1   1  0   6  1  0  2  0  8/12   17:01   1:53   1:46 
Tom Kuhnhackl            0  0  0   0  2   0  1  0  0  0  0/0     8:15   0:00   0:00 
Xavier Ouellet           0  0  0   0  0   2  0  1  0  0  0/0     6:56   0:00   0:00 
Zemgus Girgensons        0  0  0   0  0   1  1  0  0  0  0/1     7:57   0:00   0:00 

3 Stars

1 - Kyle Okposo (BOS)
2 - Cam Talbot (BOS)
3 - Derick Brassard (BOS)

Power Play

Ducks - 0 on 3 Attempt(s) - 0,00%
Bruins - 1 on 3 Attempt(s) - 33,33%

Penalty Kill

Ducks - 2 on 3 Attempt(s) - 66,67% - Score 0 goal in Penalty Kill
Bruins - 3 on 3 Attempt(s) - 100,00% - Score 0 goal in Penalty Kill

Team Stat

Ducks - Hits : 24 - Faceoff Wins : 34 - Blocked Shots : 12 - Penalty Minutes : 6
Bruins - Hits : 20 - Faceoff Wins : 25 - Blocked Shots : 5 - Penalty Minutes : 6

Official

Referees : Tim Peel and Trevor Hanson
Linesman : Tony Sericolo and Mark Wheler

Game Notes

No Game Note

Finance

Level 1 -- Attendance: 4659 (77,65%) -- Ticket Income 465 900 $
Level 2 -- Attendance: 4532 (90,64%) -- Ticket Income 271 920 $
Level 3 -- Attendance: 2000 (100,00%) -- Ticket Income 70 000 $
Level 4 -- Attendance: 4000 (100,00%) -- Ticket Income 80 000 $
Luxury Box -- Attendance: 683 (68,30%) -- Ticket Income 136 600 $
Game was played at the Boston Garden.
Total Attendance: 15874 (88,19%)
Total Ticket Income: 1 024 420 $
Other Income: 501 966 $
Total Income: 1 526 386 $

Ducks

5 vs 5 Forward 
   Center                   Left Wing                Right Wing               Time % Phy DF OF 
 1 Jordan Staal             Milan Lucic              Patrik Laine             40     1   2  2  
 2 David Krejci             Phillip Danault          Jean-Gabriel Pageau      30     1   2  2  
 3 Trevor Lewis             Craig Smith              Tom Wilson               20     1   2  2  
 4 Riley Nash               Tommy Wingels            Cody McLeod              10     1   2  2  

5 vs 5 Defense 
   Defense                  Defense                                           Time % Phy DF OF 
 1 Rasmus Ristolainen       Nick Leddy                                        40     1   2  2  
 2 Jack Johnson             Deryk Engelland                                   30     1   2  2  
 3 Jonathan Ericsson        Connor Carrick                                    20     1   2  2  
 4 Rasmus Ristolainen       Jack Johnson                                      10     1   2  2  

PowerPlay Forward 
   Center                   Left Wing                Right Wing               Time % Phy DF OF 
 1 David Krejci             Milan Lucic              Patrik Laine             60     1   2  2  
 2 David Krejci             Jean-Gabriel Pageau      Tom Wilson               40     1   2  2  

PowerPlay Defense
   Defense                  Defense                                           Time % Phy DF OF 
 1 Rasmus Ristolainen       Nick Leddy                                        60     1   2  2  
 2 Nick Leddy               Deryk Engelland                                   40     1   2  2  

Penalty Kill 4 Players Forward 
   Center                   Wing                     Time % Phy DF OF 
 1 Phillip Danault          Tom Wilson               60     1   2  2  
 2 Jean-Gabriel Pageau      Tommy Wingels            40     1   2  2  

Penalty Kill 4 Players Defense
   Defense                  Defense                  Time % Phy DF OF 
 1 Jonathan Ericsson        Jack Johnson             60     1   2  2  
 2 Nick Leddy               Rasmus Ristolainen       40     1   2  2  

Penalty Kill - 3 Players Forward 
   Forward                                           Time % Phy DF OF 
 1 Jean-Gabriel Pageau                               60     1   2  2  
 2 David Krejci                                      40     1   2  2  

Penalty Kill - 3 Players Defense
   Defense                  Defense                  Time % Phy DF OF 
 1 Rasmus Ristolainen       Jonathan Ericsson        60     1   2  2  
 2 Nick Leddy               Deryk Engelland          40     1   2  2  

4 vs 4 Forward 
   Center                   Wing                     Time % Phy DF OF 
 1 Jordan Staal             Patrik Laine             60     1   2  2  
 2 David Krejci             Milan Lucic              40     1   2  2  

4 vs 4 Defense
   Defense                  Defense                  Time % Phy DF OF 
 1 Rasmus Ristolainen       Jack Johnson             60     1   2  2  
 2 Nick Leddy               Deryk Engelland          40     1   2  2  

Last Minutes Offensive
   Center                   Left Wing                Right Wing               Defense                  Defense                  
   Jordan Staal             Milan Lucic              Patrik Laine             Rasmus Ristolainen       Jack Johnson             

Last Minutes Defensive
   Center                   Left Wing                Right Wing               Defense                  Defense                  
   Jordan Staal             Milan Lucic              Patrik Laine             Rasmus Ristolainen       Jack Johnson             

Goaltenders
Starting : Cam Ward                 
Backup : Jacob Markstrom          

Extra Forwards
Normal : Phillip Danault, Craig Smith, Trevor Lewis - PP : Phillip Danault, Craig Smith - PK : Trevor Lewis
Extra Defensemen
Normal : Jonathan Ericsson, Connor Carrick, Nick Leddy - PP : Jonathan Ericsson - PK : Connor Carrick, Nick Leddy
Penalty Shots
Jordan Staal, David Krejci, Milan Lucic, Patrik Laine, Jean-Gabriel Pageau
Custom OT Lines Forwards
Jordan Staal, David Krejci, Milan Lucic, Patrik Laine, Jean-Gabriel Pageau, Phillip Danault, Tom Wilson, Craig Smith, Trevor Lewis, Riley Nash
Custom OT Lines Defensemen
Rasmus Ristolainen, Jack Johnson, Nick Leddy, Deryk Engelland, Jonathan Ericsson

Scratches
Jordin Tootoo (Healthy)

Bruins

5 vs 5 Forward 
   Center                   Left Wing                Right Wing               Time % Phy DF OF 
 1 Nolan Patrick            Derick Brassard          Kyle Okposo              40     1   2  2  
 2 Sean Monahan             Alex Killorn             Jason Pominville         30     1   2  2  
 3 Matt Stajan              Nikolay Kulemin          Anthony Mantha           20     1   2  2  
 4 Alexander Burmistrov     Zemgus Girgensons        Tom Kuhnhackl            10     1   2  2  

5 vs 5 Defense 
   Defense                  Defense                                           Time % Phy DF OF 
 1 Brian Campbell           Jason Demers                                      40     1   2  2  
 2 Marc Staal               Joel Edmundson                                    30     1   2  2  
 3 Brian Campbell           Jakob Chychrun                                    20     1   2  2  
 4 Xavier Ouellet           Jason Demers                                      10     1   2  2  

PowerPlay Forward 
   Center                   Left Wing                Right Wing               Time % Phy DF OF 
 1 Nolan Patrick            Derick Brassard          Kyle Okposo              60     1   2  2  
 2 Sean Monahan             Alex Killorn             Jason Pominville         40     1   2  2  

PowerPlay Defense
   Defense                  Defense                                           Time % Phy DF OF 
 1 Brian Campbell           Jason Demers                                      60     1   2  2  
 2 Marc Staal               Joel Edmundson                                    40     1   2  2  

Penalty Kill 4 Players Forward 
   Center                   Wing                     Time % Phy DF OF 
 1 Nolan Patrick            Kyle Okposo              60     1   2  2  
 2 Sean Monahan             Derick Brassard          40     1   2  2  

Penalty Kill 4 Players Defense
   Defense                  Defense                  Time % Phy DF OF 
 1 Brian Campbell           Jason Demers             60     1   2  2  
 2 Marc Staal               Joel Edmundson           40     1   2  2  

Penalty Kill - 3 Players Forward 
   Forward                                           Time % Phy DF OF 
 1 Derick Brassard                                   60     1   2  2  
 2 Kyle Okposo                                       40     1   2  2  

Penalty Kill - 3 Players Defense
   Defense                  Defense                  Time % Phy DF OF 
 1 Jakob Chychrun           Jason Demers             60     1   2  2  
 2 Marc Staal               Joel Edmundson           40     1   2  2  

4 vs 4 Forward 
   Center                   Wing                     Time % Phy DF OF 
 1 Alex Killorn             Kyle Okposo              60     1   2  2  
 2 Sean Monahan             Derick Brassard          40     1   2  2  

4 vs 4 Defense
   Defense                  Defense                  Time % Phy DF OF 
 1 Xavier Ouellet           Jason Demers             60     1   2  2  
 2 Marc Staal               Joel Edmundson           40     1   2  2  

Last Minutes Offensive
   Center                   Left Wing                Right Wing               Defense                  Defense                  
   Nolan Patrick            Derick Brassard          Kyle Okposo              Marc Staal               Jason Demers             

Last Minutes Defensive
   Center                   Left Wing                Right Wing               Defense                  Defense                  
   Nolan Patrick            Derick Brassard          Kyle Okposo              Marc Staal               Jason Demers             

Goaltenders
Starting : Cam Talbot               
Backup : Juuse Saros              

Extra Forwards
Normal : Nolan Patrick, Nikolay Kulemin, Anthony Mantha - PP : Nolan Patrick, Nikolay Kulemin - PK : Anthony Mantha
Extra Defensemen
Normal : Brian Campbell, Jakob Chychrun, Xavier Ouellet - PP : Brian Campbell - PK : Jakob Chychrun, Xavier Ouellet
Penalty Shots
Anthony Mantha, Kyle Okposo, Sean Monahan, Derick Brassard, Alex Killorn
Custom OT Lines Forwards
Nolan Patrick, Kyle Okposo, Sean Monahan, Derick Brassard, Alex Killorn, Jason Pominville, Nikolay Kulemin, Anthony Mantha, Matt Stajan, Alexander Burmistrov
Custom OT Lines Defensemen
Jakob Chychrun, Jason Demers, Marc Staal, Joel Edmundson, Brian Campbell

Scratches
David Desharnais (Healthy), Patrice Bergeron (Healthy), Ryan McDonagh (Healthy)

% Time on Ice - Ducks

Lines # - Real PCT - Wanted PCT - Time Play
Normal Forward
1 - 37% - 40% - 18:17
2 - 27% - 30% - 13:24
3 - 21% - 20% - 10:37
4 - 15% - 10% - 7:34
Normal Defense
1 - 39% - 40% - 19:17
2 - 30% - 30% - 14:47
3 - 24% - 20% - 12:05
4 - 7% - 10% - 3:43
PP Forward
1 - 51% - 60% - 3:02
2 - 49% - 40% - 2:55
PP Defense
1 - 54% - 60% - 3:14
2 - 46% - 40% - 2:43
PK Forward
1 - 75% - 60% - 3:09
2 - 25% - 40% - 1:02
PK Defense
1 - 65% - 60% - 2:44
2 - 35% - 40% - 1:27
PK3 Forward
1 - 0% - 60%
2 - 0% - 40%
PK3 Defense
1 - 0% - 60%
2 - 0% - 40%
44 Forward
1 - 0% - 60%
2 - 0% - 40%
44 Defense
1 - 0% - 60%
2 - 0% - 40%
Last Minute Offensive  - 0:00
Last Minute Defensive  - 0:00
Total
Forward - 60:00
Defense - 60:00

% Time on Ice - Bruins

Lines # - Real PCT - Wanted PCT - Time Play
Normal Forward
1 - 35% - 40% - 17:34
2 - 27% - 30% - 13:22
3 - 22% - 20% - 10:59
4 - 16% - 10% - 7:57
Normal Defense
1 - 30% - 40% - 14:44
2 - 36% - 30% - 18:06
3 - 21% - 20% - 10:18
4 - 14% - 10% - 6:44
PP Forward
1 - 55% - 60% - 2:18
2 - 45% - 40% - 1:53
PP Defense
1 - 58% - 60% - 2:26
2 - 42% - 40% - 1:45
PK Forward
1 - 77% - 60% - 4:34
2 - 23% - 40% - 1:23
PK Defense
1 - 46% - 60% - 2:46
2 - 54% - 40% - 3:11
PK3 Forward
1 - 0% - 60%
2 - 0% - 40%
PK3 Defense
1 - 0% - 60%
2 - 0% - 40%
44 Forward
1 - 0% - 60%
2 - 0% - 40%
44 Defense
1 - 0% - 60%
2 - 0% - 40%
Last Minute Offensive  - 0:00
Last Minute Defensive  - 0:00
Total
Forward - 60:00
Defense - 60:00

Play by Play

1st period


0:01 of 1st period - Jordan Staal wins face-off versus Nolan Patrick in neutral zone.
0:04 of 1st period - Snap shot by Milan Lucic.
0:04 of 1st period - Stopped by Cam Talbot with a rebound.
0:10 of 1st period - Patrik Laine is hit by Kyle Okposo and loses puck.
0:25 of 1st period - Rasmus Ristolainen is hit by Anthony Mantha.
0:37 of 1st period - Wrist shot by Anthony Mantha.
0:37 of 1st period - Deflect By Nick Leddy.
0:37 of 1st period - Shot Misses the Net.
0:37 of 1st period - Puck is out of play.
0:38 of 1st period - Sean Monahan wins face-off versus David Krejci in Ducks zone.
2:09 of 1st period - Sean Monahan is hit by Deryk Engelland and loses puck.
2:28 of 1st period - Kyle Okposo is hit by Trevor Lewis and loses puck.
2:53 of 1st period - Wrist shot by Tom Kuhnhackl.
2:53 of 1st period - Shot Misses the Net.
2:57 of 1st period - Snap shot by Alexander Burmistrov.
2:57 of 1st period - Stopped by Cam Ward with a rebound.
3:20 of 1st period - Jason Demers is hit by Cody McLeod and loses puck.
3:46 of 1st period - Icing by Jakob Chychrun.
3:47 of 1st period - Sean Monahan wins face-off versus Jordan Staal in Bruins zone.
4:13 of 1st period - Brian Campbell is hit by David Krejci and loses puck.
4:22 of 1st period - Snap shot by David Krejci.
4:22 of 1st period - Shot Misses the Net.
5:08 of 1st period - Slapshot by Alex Killorn.
5:08 of 1st period - Shot Misses the Net.
5:16 of 1st period - Snap shot by Sean Monahan.
5:16 of 1st period - Stopped by Cam Ward with a rebound.
5:50 of 1st period - Wrist shot by Craig Smith.
5:50 of 1st period - Stopped by Cam Talbot with a rebound.
5:52 of 1st period - Slapshot by Deryk Engelland.
5:52 of 1st period - Stopped by Cam Talbot with a rebound.
5:54 of 1st period - Slapshot by Tom Wilson.
5:54 of 1st period - Stopped by Cam Talbot without a rebound.
5:55 of 1st period - Jordan Staal wins face-off versus Nolan Patrick in Bruins zone.
5:58 of 1st period - Snap shot by Milan Lucic.
5:58 of 1st period - Shot Blocked by Kyle Okposo.
6:06 of 1st period - Snap shot by Derick Brassard.
6:06 of 1st period - Shot Misses the Net.
6:08 of 1st period - Snap shot by Nolan Patrick.
6:08 of 1st period - Shot Blocked by Rasmus Ristolainen.
6:10 of 1st period - Wrist shot by Xavier Ouellet.
6:10 of 1st period - Shot Misses the Net.
6:52 of 1st period - Zemgus Girgensons is hit by Jonathan Ericsson and loses puck.
7:17 of 1st period - Backhand shot by Phillip Danault.
7:17 of 1st period - Stopped by Cam Talbot without a rebound.
7:18 of 1st period - Nolan Patrick wins face-off versus Jordan Staal in Bruins zone.
7:25 of 1st period - Snap shot by Kyle Okposo.
7:25 of 1st period - Shot Blocked by Jack Johnson.
7:51 of 1st period - Snap shot by Derick Brassard.
7:51 of 1st period - Stopped by Cam Ward without a rebound.
7:52 of 1st period - Jordan Staal wins face-off versus Sean Monahan in Ducks zone.
8:44 of 1st period - Nolan Patrick is hit by Riley Nash.
9:21 of 1st period - Wrist shot by Sean Monahan.
9:21 of 1st period - Goal by Sean Monahan - Ducks : 0 - Bruins : 1.
9:22 of 1st period - Jordan Staal wins face-off versus Nolan Patrick in neutral zone.
9:25 of 1st period - Snap shot by Milan Lucic.
9:25 of 1st period - Shot Misses the Net.
9:31 of 1st period - Snap shot by Milan Lucic.
9:31 of 1st period - Stopped by Cam Talbot with a rebound.
9:33 of 1st period - Wrist shot by Jordan Staal.
9:33 of 1st period - Shot Blocked by Jason Demers.
9:47 of 1st period - Derick Brassard is hit by Phillip Danault and loses puck.
9:56 of 1st period - Snap shot by Kyle Okposo.
9:56 of 1st period - Deflect By Phillip Danault.
9:56 of 1st period - Stopped by Cam Ward with a rebound.
9:58 of 1st period - Snap shot by Marc Staal.
9:58 of 1st period - Deflect By Kyle Okposo.
9:58 of 1st period - Stopped by Cam Ward with a rebound.
10:02 of 1st period - Snap shot by Kyle Okposo.
10:02 of 1st period - Goal by Kyle Okposo - Ducks : 0 - Bruins : 2.
10:03 of 1st period - Jordan Staal wins face-off versus Sean Monahan in neutral zone.
10:28 of 1st period - Tom Wilson is hit by Anthony Mantha.
12:04 of 1st period - Snap shot by Jason Pominville.
12:04 of 1st period - Stopped by Cam Ward with a rebound.
12:37 of 1st period - Icing by Deryk Engelland.
12:38 of 1st period - Jordan Staal wins face-off versus Alexander Burmistrov in Ducks zone.
13:04 of 1st period - Off-side.
13:05 of 1st period - Sean Monahan wins face-off versus Trevor Lewis in neutral zone.
13:30 of 1st period - Matt Stajan is hit by Jordan Staal and loses puck.
13:41 of 1st period - Snap shot by Jordan Staal.
13:41 of 1st period - Shot Misses the Net.
13:43 of 1st period - Slapshot by Patrik Laine.
13:43 of 1st period - Deflect By Milan Lucic.
13:43 of 1st period - Stopped by Cam Talbot without a rebound.
13:44 of 1st period - Nolan Patrick wins face-off versus David Krejci in Bruins zone.
13:53 of 1st period - Wrist shot by Derick Brassard.
13:53 of 1st period - Shot Blocked by Jack Johnson.
13:55 of 1st period - Snap shot by Derick Brassard.
13:55 of 1st period - Deflect By Nolan Patrick.
13:55 of 1st period - Stopped by Cam Ward without a rebound.
13:56 of 1st period - Nolan Patrick wins face-off versus Jordan Staal in Ducks zone.
14:03 of 1st period - Snap shot by Kyle Okposo.
14:03 of 1st period - Shot Misses the Net.
14:21 of 1st period - Joel Edmundson is hit by Trevor Lewis and loses puck.
14:51 of 1st period - Off-side.
14:52 of 1st period - Jordan Staal wins face-off versus Nolan Patrick in neutral zone.
15:19 of 1st period - Alex Killorn is hit by Rasmus Ristolainen and loses puck.
15:24 of 1st period - Slapshot by David Krejci.
15:24 of 1st period - Deflect By Phillip Danault.
15:24 of 1st period - Shot Misses the Net.
15:24 of 1st period - Puck is out of play.
15:25 of 1st period - Sean Monahan wins face-off versus Trevor Lewis in Bruins zone.
15:25 of 1st period - Sean Monahan is hit by Tom Wilson.
16:04 of 1st period - Snap shot by Kyle Okposo.
16:04 of 1st period - Shot Misses the Net.
16:14 of 1st period - Nikolay Kulemin is hit by Patrik Laine and loses puck.
16:20 of 1st period - Icing by Jason Demers.
16:21 of 1st period - Jordan Staal wins face-off versus Matt Stajan in Bruins zone.
16:28 of 1st period - Wrist shot by Milan Lucic.
16:28 of 1st period - Shot Misses the Net.
16:34 of 1st period - Snap shot by Anthony Mantha.
16:34 of 1st period - Shot Misses the Net.
16:36 of 1st period - Backhand shot by Nikolay Kulemin.
16:36 of 1st period - Shot Misses the Net.
16:38 of 1st period - Slapshot by Xavier Ouellet.
16:38 of 1st period - Stopped by Cam Ward with a rebound.
16:40 of 1st period - Wrist shot by Nikolay Kulemin.
16:40 of 1st period - Shot Misses the Net.
16:42 of 1st period - Snap shot by Nikolay Kulemin.
16:42 of 1st period - Shot Blocked by Rasmus Ristolainen.
16:44 of 1st period - Backhand shot by Matt Stajan.
16:44 of 1st period - Stopped by Cam Ward without a rebound.
16:45 of 1st period - Craig Smith wins face-off versus Nolan Patrick in Ducks zone.
16:52 of 1st period - Wrist shot by Trevor Lewis.
16:52 of 1st period - Shot Misses the Net.
17:19 of 1st period - Snap shot by David Krejci.
17:19 of 1st period - Shot Blocked by Jason Pominville.
17:37 of 1st period - Wrist shot by Milan Lucic.
17:37 of 1st period - Stopped by Cam Talbot without a rebound.
17:38 of 1st period - Jordan Staal wins face-off versus Nolan Patrick in Bruins zone.
17:58 of 1st period - Off-side.
17:59 of 1st period - Sean Monahan wins face-off versus David Krejci in neutral zone.
18:10 of 1st period - Snap shot by Jean-Gabriel Pageau.
18:10 of 1st period - Stopped by Cam Talbot with a rebound.
18:13 of 1st period - Icing by Brian Campbell.
18:14 of 1st period - Sean Monahan wins face-off versus Jordan Staal in Bruins zone.
18:52 of 1st period - Snap shot by Sean Monahan.
18:52 of 1st period - Stopped by Cam Ward without a rebound.
18:53 of 1st period - Jordan Staal wins face-off versus Nolan Patrick in Ducks zone.
18:55 of 1st period - Minor Penalty to Milan Lucic for Roughing.
18:56 of 1st period - Phillip Danault wins face-off versus Nolan Patrick in Ducks zone.
19:08 of 1st period - Snap shot by Derick Brassard.
19:08 of 1st period - Goal by Derick Brassard - Ducks : 0 - Bruins : 3.
19:09 of 1st period - Jordan Staal wins face-off versus Kyle Okposo in neutral zone.
19:25 of 1st period - Snap shot by Kyle Okposo.
19:25 of 1st period - Stopped by Cam Ward without a rebound.
19:26 of 1st period - Matt Stajan wins face-off versus David Krejci in Ducks zone.
19:29 of 1st period - Wrist shot by Anthony Mantha.
19:29 of 1st period - Stopped by Cam Ward without a rebound.
19:30 of 1st period - Matt Stajan wins face-off versus Jean-Gabriel Pageau in Ducks zone.
19:43 of 1st period - Wrist shot by Jean-Gabriel Pageau.
19:43 of 1st period - Goal by Jean-Gabriel Pageau - Ducks : 1 - Bruins : 3.
19:44 of 1st period - Nolan Patrick wins face-off versus Patrik Laine in neutral zone.
19:57 of 1st period - Nick Leddy is hit by Derick Brassard and loses puck.
Goals for this period are 1 for Ducks vs 3 for Bruins.
Shots for this period are 10 for Ducks vs 15 for Bruins.

2nd period


0:01 of 2nd period - Nolan Patrick wins face-off versus Jordan Staal in neutral zone.
0:04 of 2nd period - Snap shot by Kyle Okposo.
0:04 of 2nd period - Shot Misses the Net.
0:11 of 2nd period - Icing by Jordan Staal.
0:12 of 2nd period - Jordan Staal wins face-off versus Nolan Patrick in Ducks zone.
1:11 of 2nd period - Minor Penalty to Matt Stajan for Hooking.
1:12 of 2nd period - Nolan Patrick wins face-off versus David Krejci in Bruins zone.
1:20 of 2nd period - Kyle Okposo is hit by Deryk Engelland and loses puck.
2:05 of 2nd period - Wrist shot by Sean Monahan.
2:05 of 2nd period - Stopped by Cam Ward with a rebound.
2:07 of 2nd period - Slapshot by Joel Edmundson.
2:07 of 2nd period - Stopped by Cam Ward without a rebound.
2:08 of 2nd period - David Krejci wins face-off versus Derick Brassard in Ducks zone.
3:11 of 2nd period - Penalty to Matt Stajan is over, Matt Stajan is back on ice.
3:20 of 2nd period - Icing by Jonathan Ericsson.
3:21 of 2nd period - Riley Nash wins face-off versus Zemgus Girgensons in Ducks zone.
3:26 of 2nd period - Riley Nash is hit by Jason Demers.
4:32 of 2nd period - Wrist shot by Jean-Gabriel Pageau.
4:32 of 2nd period - Shot Misses the Net.
4:34 of 2nd period - Wrist shot by David Krejci.
4:34 of 2nd period - Stopped by Cam Talbot without a rebound.
4:35 of 2nd period - Nolan Patrick wins face-off versus Jordan Staal in Bruins zone.
4:35 of 2nd period - Nolan Patrick is hit by Jordan Staal.
4:45 of 2nd period - Snap shot by Kyle Okposo.
4:45 of 2nd period - Shot Misses the Net.
4:47 of 2nd period - Wrist shot by Brian Campbell.
4:47 of 2nd period - Shot Misses the Net.
4:49 of 2nd period - Wrist shot by Kyle Okposo.
4:49 of 2nd period - Stopped by Cam Ward without a rebound.
4:50 of 2nd period - David Krejci wins face-off versus Sean Monahan in Ducks zone.
5:25 of 2nd period - Snap shot by Jordan Staal.
5:25 of 2nd period - Stopped by Cam Talbot with a rebound.
6:09 of 2nd period - Icing by Trevor Lewis.
6:10 of 2nd period - Trevor Lewis wins face-off versus Sean Monahan in Ducks zone.
6:24 of 2nd period - Minor Penalty to Deryk Engelland for Interference.
6:25 of 2nd period - Phillip Danault wins face-off versus Nolan Patrick in Ducks zone.
6:37 of 2nd period - Snap shot by Derick Brassard.
6:37 of 2nd period - Stopped by Cam Ward with a rebound.
6:39 of 2nd period - Snap shot by Nolan Patrick.
6:39 of 2nd period - Shot Misses the Net.
6:41 of 2nd period - Snap shot by Derick Brassard.
6:41 of 2nd period - Shot Blocked by Phillip Danault.
6:51 of 2nd period - Jack Johnson is hit by Alex Killorn and loses puck.
8:24 of 2nd period - Penalty to Deryk Engelland is over, Deryk Engelland is back on ice.
9:28 of 2nd period - Minor Penalty to Jakob Chychrun for Slashing.
9:29 of 2nd period - Nolan Patrick wins face-off versus Milan Lucic in Bruins zone.
9:40 of 2nd period - Snap shot by David Krejci.
9:40 of 2nd period - Shot Misses the Net.
10:20 of 2nd period - Brian Campbell is hit by Deryk Engelland and loses puck.
11:28 of 2nd period - Penalty to Jakob Chychrun is over, Jakob Chychrun is back on ice.
11:58 of 2nd period - Off-side.
11:59 of 2nd period - Alexander Burmistrov wins face-off versus Trevor Lewis in neutral zone.
12:07 of 2nd period - Off-side.
12:08 of 2nd period - Sean Monahan wins face-off versus Jordan Staal in neutral zone.
12:11 of 2nd period - Deryk Engelland is hit by Brian Campbell and loses puck.
12:34 of 2nd period - Slapshot by David Krejci.
12:34 of 2nd period - Shot Misses the Net.
12:36 of 2nd period - Backhand shot by Jack Johnson.
12:36 of 2nd period - Shot Misses the Net.
13:03 of 2nd period - Off-side.
13:04 of 2nd period - Jordan Staal wins face-off versus Derick Brassard in neutral zone.
13:07 of 2nd period - Derick Brassard is hit by Patrik Laine and loses puck.
13:30 of 2nd period - Sean Monahan is hit by David Krejci and loses puck.
14:16 of 2nd period - Milan Lucic is hit by Kyle Okposo and loses puck.
14:34 of 2nd period - Riley Nash is hit by Jason Pominville and loses puck.
15:03 of 2nd period - Slapshot by Rasmus Ristolainen.
15:03 of 2nd period - Stopped by Cam Talbot with a rebound.
15:05 of 2nd period - Snap shot by David Krejci.
15:05 of 2nd period - Shot Misses the Net.
15:07 of 2nd period - Slapshot by Rasmus Ristolainen.
15:07 of 2nd period - Stopped by Cam Talbot with a rebound.
15:09 of 2nd period - Snap shot by Jean-Gabriel Pageau.
15:09 of 2nd period - Deflect By David Krejci.
15:09 of 2nd period - Shot Blocked by Xavier Ouellet.
15:09 of 2nd period - Puck is out of play.
15:10 of 2nd period - Nolan Patrick wins face-off versus Jordan Staal in Bruins zone.
15:19 of 2nd period - Snap shot by Kyle Okposo.
15:19 of 2nd period - Stopped by Cam Ward with a rebound.
15:21 of 2nd period - Snap shot by Jakob Chychrun.
15:21 of 2nd period - Shot Hit the Post.
15:23 of 2nd period - Snap shot by Nolan Patrick.
15:23 of 2nd period - Stopped by Cam Ward without a rebound.
15:24 of 2nd period - David Krejci wins face-off versus Kyle Okposo in Ducks zone.
15:24 of 2nd period - David Krejci is hit by Kyle Okposo.
16:40 of 2nd period - Brian Campbell is hit by Tommy Wingels and loses puck.
16:55 of 2nd period - Jean-Gabriel Pageau is hit by Nolan Patrick and loses puck.
17:19 of 2nd period - Jonathan Ericsson is hit by Brian Campbell and loses puck.
17:35 of 2nd period - Slapshot by Tom Wilson.
17:35 of 2nd period - Stopped by Cam Talbot with a rebound.
17:37 of 2nd period - Snap shot by Craig Smith.
17:37 of 2nd period - Shot Misses the Net.
17:41 of 2nd period - Slapshot by Craig Smith.
17:41 of 2nd period - Stopped by Cam Talbot with a rebound.
17:43 of 2nd period - Snap shot by Trevor Lewis.
17:43 of 2nd period - Stopped by Cam Talbot with a rebound.
18:05 of 2nd period - Wrist shot by Derick Brassard.
18:05 of 2nd period - Stopped by Cam Ward without a rebound.
18:06 of 2nd period - Sean Monahan wins face-off versus Jordan Staal in Ducks zone.
18:39 of 2nd period - Wrist shot by Patrik Laine.
18:39 of 2nd period - Stopped by Cam Talbot without a rebound.
18:40 of 2nd period - David Krejci wins face-off versus Nolan Patrick in Bruins zone.
19:48 of 2nd period - Slapshot by Kyle Okposo.
19:48 of 2nd period - Shot Blocked by Rasmus Ristolainen.
19:50 of 2nd period - Wrist shot by Kyle Okposo.
19:50 of 2nd period - Stopped by Cam Ward without a rebound.
19:51 of 2nd period - Nolan Patrick wins face-off versus Jordan Staal in Ducks zone.
Goals for this period are 0 for Ducks vs 0 for Bruins.
Shots for this period are 8 for Ducks vs 8 for Bruins.

3rd period


0:01 of 3rd period - Jordan Staal wins face-off versus Nolan Patrick in neutral zone.
0:04 of 3rd period - Snap shot by Patrik Laine.
0:04 of 3rd period - Stopped by Cam Talbot with a rebound.
0:12 of 3rd period - Rasmus Ristolainen is hit by Kyle Okposo and loses puck.
0:48 of 3rd period - Slapshot by Rasmus Ristolainen.
0:48 of 3rd period - Shot Misses the Net.
0:50 of 3rd period - Wrist shot by Rasmus Ristolainen.
0:50 of 3rd period - Shot Blocked by Matt Stajan.
0:58 of 3rd period - Snap shot by Rasmus Ristolainen.
0:58 of 3rd period - Shot Misses the Net.
1:11 of 3rd period - Minor Penalty to Cody McLeod for High sticking.
1:12 of 3rd period - Phillip Danault wins face-off versus Nolan Patrick in Ducks zone.
2:41 of 3rd period - Jack Johnson is hit by Joel Edmundson.
3:11 of 3rd period - Penalty to Cody McLeod is over, Cody McLeod is back on ice.
3:29 of 3rd period - Snap shot by Alexander Burmistrov.
3:29 of 3rd period - Stopped by Cam Ward without a rebound.
3:30 of 3rd period - Jordan Staal wins face-off versus Matt Stajan in Ducks zone.
3:55 of 3rd period - Riley Nash is hit by Tom Kuhnhackl and loses puck.
4:26 of 3rd period - Phillip Danault is hit by Derick Brassard and loses puck.
4:43 of 3rd period - Slapshot by Jason Demers.
4:43 of 3rd period - Stopped by Cam Ward without a rebound.
4:44 of 3rd period - Matt Stajan wins face-off versus Patrik Laine in Ducks zone.
4:45 of 3rd period - Snap shot by Anthony Mantha.
4:45 of 3rd period - Stopped by Cam Ward without a rebound.
4:46 of 3rd period - Jordan Staal wins face-off versus Nolan Patrick in Ducks zone.
4:59 of 3rd period - Snap shot by Derick Brassard.
4:59 of 3rd period - Shot Misses the Net.
5:56 of 3rd period - Wrist shot by Tommy Wingels.
5:56 of 3rd period - Shot Misses the Net.
6:46 of 3rd period - Alex Killorn is hit by Phillip Danault and loses puck.
7:13 of 3rd period - Nick Leddy is hit by Zemgus Girgensons and loses puck.
7:20 of 3rd period - Alexander Burmistrov is hit by David Krejci and loses puck.
7:31 of 3rd period - Snap shot by Phillip Danault.
7:31 of 3rd period - Stopped by Cam Talbot without a rebound.
7:32 of 3rd period - Jordan Staal wins face-off versus Nolan Patrick in Bruins zone.
8:42 of 3rd period - Slapshot by Kyle Okposo.
8:42 of 3rd period - Stopped by Cam Ward with a rebound.
8:44 of 3rd period - Slapshot by Kyle Okposo.
8:44 of 3rd period - Shot Blocked by Jordan Staal.
9:04 of 3rd period - Wrist shot by Tom Kuhnhackl.
9:04 of 3rd period - Shot Blocked by Craig Smith.
9:06 of 3rd period - Wrist shot by Alexander Burmistrov.
9:06 of 3rd period - Shot Misses the Net.
9:10 of 3rd period - Snap shot by Zemgus Girgensons.
9:10 of 3rd period - Stopped by Cam Ward with a rebound.
9:41 of 3rd period - Brian Campbell is hit by Cody McLeod.
9:44 of 3rd period - Off-side.
9:45 of 3rd period - Milan Lucic wins face-off versus Nolan Patrick in neutral zone.
9:52 of 3rd period - Brian Campbell is hit by Jack Johnson and loses puck.
10:01 of 3rd period - Milan Lucic is hit by Kyle Okposo and loses puck.
10:16 of 3rd period - Snap shot by David Krejci.
10:16 of 3rd period - Deflect By Sean Monahan.
10:16 of 3rd period - Shot Misses the Net.
10:16 of 3rd period - Puck is out of play.
10:17 of 3rd period - David Krejci wins face-off versus Jason Pominville in Bruins zone.
10:26 of 3rd period - David Krejci is hit by Sean Monahan and loses puck.
10:39 of 3rd period - Wrist shot by Sean Monahan.
10:39 of 3rd period - Stopped by Cam Ward with a rebound.
10:43 of 3rd period - Snap shot by Sean Monahan.
10:43 of 3rd period - Stopped by Cam Ward without a rebound.
10:44 of 3rd period - Jordan Staal wins face-off versus Nolan Patrick in Ducks zone.
11:11 of 3rd period - Brian Campbell is hit by Tom Wilson and loses puck.
11:16 of 3rd period - Snap shot by Craig Smith.
11:16 of 3rd period - Stopped by Cam Talbot with a rebound.
11:18 of 3rd period - Slapshot by Jack Johnson.
11:18 of 3rd period - Shot Misses the Net.
11:20 of 3rd period - Slapshot by Jack Johnson.
11:20 of 3rd period - Stopped by Cam Talbot with a rebound.
11:22 of 3rd period - Snap shot by Trevor Lewis.
11:22 of 3rd period - Stopped by Cam Talbot with a rebound.
11:51 of 3rd period - Wrist shot by Brian Campbell.
11:51 of 3rd period - Shot Misses the Net.
11:53 of 3rd period - Wrist shot by Nolan Patrick.
11:53 of 3rd period - Shot Blocked by Connor Carrick.
11:55 of 3rd period - Slapshot by Kyle Okposo.
11:55 of 3rd period - Stopped by Cam Ward with a rebound.
12:50 of 3rd period - Minor Penalty to Tom Kuhnhackl for Hooking.
12:51 of 3rd period - David Krejci wins face-off versus Nolan Patrick in Bruins zone.
13:52 of 3rd period - Icing by Patrik Laine.
13:53 of 3rd period - Phillip Danault wins face-off versus Anthony Mantha in Ducks zone.
14:50 of 3rd period - Penalty to Tom Kuhnhackl is over, Tom Kuhnhackl is back on ice.
15:00 of 3rd period - Slapshot by Kyle Okposo.
15:00 of 3rd period - Shot Misses the Net.
15:08 of 3rd period - Slapshot by Nick Leddy.
15:08 of 3rd period - Stopped by Cam Talbot without a rebound.
15:09 of 3rd period - Anthony Mantha wins face-off versus Trevor Lewis in Bruins zone.
16:14 of 3rd period - Slapshot by Alex Killorn.
16:14 of 3rd period - Shot Blocked by Connor Carrick.
16:26 of 3rd period - Marc Staal is hit by Tom Wilson and loses puck.
16:33 of 3rd period - Wrist shot by Craig Smith.
16:33 of 3rd period - Stopped by Cam Talbot without a rebound.
16:34 of 3rd period - Nolan Patrick wins face-off versus Jordan Staal in Bruins zone.
17:04 of 3rd period - Wrist shot by Anthony Mantha.
17:04 of 3rd period - Stopped by Cam Ward with a rebound.
17:06 of 3rd period - Wrist shot by Nikolay Kulemin.
17:06 of 3rd period - Stopped by Cam Ward with a rebound.
17:08 of 3rd period - Snap shot by Xavier Ouellet.
17:08 of 3rd period - Stopped by Cam Ward without a rebound.
17:09 of 3rd period - Matt Stajan wins face-off versus Trevor Lewis in Ducks zone.
17:10 of 3rd period - Slapshot by Anthony Mantha.
17:10 of 3rd period - Shot Misses the Net.
17:34 of 3rd period - Patrik Laine is hit by Nolan Patrick and loses puck.
17:43 of 3rd period - Wrist shot by Derick Brassard.
17:43 of 3rd period - Stopped by Cam Ward with a rebound.
17:45 of 3rd period - Snap shot by Nolan Patrick.
17:45 of 3rd period - Stopped by Cam Ward without a rebound.
17:46 of 3rd period - Trevor Lewis wins face-off versus Nolan Patrick in Ducks zone.
17:59 of 3rd period - Snap shot by Kyle Okposo.
17:59 of 3rd period - Stopped by Cam Ward with a rebound.
18:01 of 3rd period - Snap shot by Nolan Patrick.
18:01 of 3rd period - Stopped by Cam Ward with a rebound.
18:43 of 3rd period - Wrist shot by Phillip Danault.
18:43 of 3rd period - Stopped by Cam Talbot with a rebound.
19:05 of 3rd period - Snap shot by Kyle Okposo.
19:05 of 3rd period - Stopped by Cam Ward with a rebound.
19:07 of 3rd period - Snap shot by Kyle Okposo.
19:07 of 3rd period - Shot Blocked by Patrik Laine.
19:25 of 3rd period - Slapshot by Rasmus Ristolainen.
19:25 of 3rd period - Deflect By Craig Smith.
19:25 of 3rd period - Shot Hit the Post.
19:25 of 3rd period - Puck is out of play.
19:26 of 3rd period - Trevor Lewis wins face-off versus Nolan Patrick in Bruins zone.
19:31 of 3rd period - Wrist shot by Craig Smith.
19:31 of 3rd period - Shot Misses the Net.
19:33 of 3rd period - Snap shot by Craig Smith.
19:33 of 3rd period - Shot Misses the Net.
19:55 of 3rd period - Snap shot by Anthony Mantha.
19:55 of 3rd period - Shot Blocked by Patrik Laine.
Goals for this period are 0 for Ducks vs 0 for Bruins.
Shots for this period are 8 for Ducks vs 16 for Bruins.